 Dungeon Crawl Stone Soup version 0.31.0-11-ge490571c62 (webtiles) character file.

Game seed: 12758757026838913365

8 browni3141 the Conjurer (level 2, 19/19 HPs)
             Began as a Demonspawn Conjurer on Jan 30, 2024.
             Got out of the dungeon alive.
             The game lasted 00:00:20 (160 turns).

browni3141 the Conjurer (Demonspawn Conjurer)        Turns: 160, Time: 00:00:21

Health: 19/19      AC:  3    Str:  7    XL:     2   Next: 0%
Magic:  2/5        EV: 12    Int: 18    God:
Gold:   0          SH:  0    Dex: 11    Spells: 4/5 levels left

rFire   . . .        c - +0 mace
rCold   . . .        (no shield)
rNeg    . . .        a - +0 robe
rPois   .            (no helmet)
rElec   .            (no cloak)
rCorr   .            (no gloves)
SInv    .            (no boots)
Will    .....        (no amulet)
Stlth   ++           (no ring)
HPRegen 0.23/turn    (no ring)
MPRegen 0.09/turn

%: no passive effects
@: no status effects
A: sharp scales 1
a: no special abilities


You escaped.
You visited 1 branch of the dungeon, and saw 1 of its levels.

Inventory:

Hand Weapons
 c - a +0 mace (weapon)
Armour
 a - a +0 robe (worn)
Potions
 b - a potion of magic


   Skills:
 + Level 2.0 Dodging
 + Level 2.0 Stealth
 + Level 2.1 Spellcasting
 + Level 4.1 Conjurations


You had 4 spell levels left.
You knew the following spells:

 Your Spells              Type           Power      Damage    Failure   Level
a - Magic Dart            Conj           64%        1d6       3%          1

Your spell library contained the following spells:

 Spells                   Type           Power      Damage    Failure   Level
 Searing Ray              Conj           32%        2d5       4%          2
 Fulminant Prism          Conj/Alch      4%         3d5       58%         4
 Iskenderun's Mystic Bla  Conj/Tloc      9%         2d4       58%         4


Dungeon Overview and Level Annotations

Branches:
Dungeon (1/15)

Altars:


Innate Abilities, Weirdness & Mutations

You are partially covered in razor-sharp scales. (AC +1, Slay +1)


Message History

The magic dart hits the endoplasm.
The endoplasm is heavily wounded.
The endoplasm jiggles.
The magic dart hits the endoplasm.
You kill the endoplasm!
You can't see any susceptible monsters within range! (Use Z to cast anyway.)
A goblin comes into view. It is wielding a +0 club.
A goblin is nearby!
A goblin is nearby!
A goblin is nearby!
The magic dart hits the goblin.
You kill the goblin!
You can't see any susceptible monsters within range! (Use Z to cast anyway.)
You can't see any susceptible monsters within range! (Use Z to cast anyway.)
You can't see any susceptible monsters within range! (Use Z to cast anyway.)
You can't see any susceptible monsters within range! (Use Z to cast anyway.)
A hobgoblin comes into view.
A hobgoblin is nearby!
A hobgoblin is nearby!
The magic dart hits the hobgoblin.
The hobgoblin is lightly wounded.
The hobgoblin shouts!
The magic dart hits the hobgoblin but does no damage.
The hobgoblin is lightly wounded.
The magic dart hits the hobgoblin but does no damage.
You are out of magic!
You are out of magic!
You see here a +0 leather armour.
You see here a book of Cantrips.
A hobgoblin comes into view.
You see here a +0 mace.
c - a +0 mace (weapon)
The hobgoblin shouts!
The hobgoblin closely misses you. The hobgoblin barely misses you.
You see here a book of Cantrips.
You closely miss the hobgoblin. The hobgoblin hits you.
You hit the hobgoblin.
The hobgoblin is lightly wounded.
The hobgoblin barely misses you. The hobgoblin hits you.
You hit the hobgoblin.
The hobgoblin is moderately wounded.
The hobgoblin hits you but does no damage.
You completely miss the hobgoblin.
The hobgoblin is moderately wounded.
The hobgoblin closely misses you. x2
You hit the hobgoblin.
You kill the hobgoblin!
The hobgoblin closely misses you.
The hobgoblin attacks as it pursues you!
The hobgoblin hits you.
The hobgoblin attacks as it pursues you!
The hobgoblin closely misses you.
The hobgoblin attacks as it pursues you!
The hobgoblin barely misses you.
The magic dart hits the hobgoblin.
The hobgoblin is heavily wounded.
The hobgoblin closely misses you.
You hit the hobgoblin.
You kill the hobgoblin!
A bat comes into view.
A bat is nearby!
A bat is nearby!
The magic dart hits the bat.
The bat is severely wounded.
You are out of magic!
You are out of magic!
A bat is nearby!
The bat hits you but does no damage.
You see here a hobgoblin corpse.
You closely miss the bat. Your punch misses the bat.
The bat is moderately wounded.
The bat barely misses you.
An endoplasm comes into view.
You miss the bat.
The bat is moderately wounded.
The bat closely misses you.
You closely miss the bat. The bat hits you but does no damage.
The bat hits you. The bat barely misses you. The bat attacks as it pursues you!
The bat closely misses you. The bat barely misses you.
The bat hits you but does no damage.
You hit the bat.
You kill the bat!
Your Stealth skill increases to level 2!
You see here a bat corpse.
HP restored.
An endoplasm is nearby!
The magic dart hits the endoplasm.
The endoplasm is heavily wounded.
The endoplasm quivers.
The magic dart hits the endoplasm.
You kill the endoplasm!
Your Dodging skill increases to level 2!
You have reached level 2!
Your demonic ancestry asserts itself...
Sharp scales grow over part of your body.
There is an escape hatch in the floor here.
There is a staircase leading out of the dungeon here.
You have escaped!

............#
#.#.#>#.#..
............#
#.#.### #
.#.)........#
#....#
##..........#
#.†.##
#.......##=.
#.###
####...## #
#.## #.##.>##
#....#.#
####.@## #.##
#.. #.. #.#
#.# #. ##


There were no monsters in sight!

Vanquished Creatures
  A ball python (D:1)
  2 endoplasms (D:1)
  2 hobgoblins (D:1)
  A bat (D:1)
  A goblin (D:1)
7 creatures vanquished.

Notes
Turn   | Place    | Note
-------+----------+-------------------------------------------
     0 | D:1      | browni3141 the Demonspawn Conjurer began the quest for the
                  | Orb.
     0 | D:1      | Reached XP level 1. HP: 13/13 MP: 3/3
   136 | D:1      | Gained mutation: You are partially covered in razor-sharp
                  | scales. (AC +1, Slay +1) [demonic ancestry]
   136 | D:1      | Reached XP level 2. HP: 19/19 MP: 0/5
   160 | D:$      | Got out of the dungeon alive.

Illustrated notes

Levels and vault maps discovered:
D:1:      onia_arrival_handbag, layout_basic

Skill      XL: |  1 |
---------------+----+-----
Stealth        | 2 |  2.0
Dodging        | 2 |  2.0
Spellcasting   | |  2.1
Conjurations   | |  4.1

Action                     || total
---------------------------++-------
  Melee: Mace              ||    10
   Cast: Magic Dart        ||    12
 Armour: Robe              ||     8
  Dodge: Dodged            ||    16
